 Dungeon Crawl Stone Soup version 0.18-b1-17-g3aa4875 (webtiles) character file.

135681 shmeve the Peltast (level 16, -33/152 HPs)
             Began as a Minotaur Berserker on May 1, 2016.
             Was the Champion of Trog.
             Killed from afar by a merfolk aquamancer (51 damage)
             ... with a shard of ice
             ... on level 4 of the Shoals.
             The game lasted 01:53:52 (27560 turns).

shmeve the Peltast (Minotaur Berserker)            Turns: 27560, Time: 01:53:53

Health: -33/152    AC: 35    Str: 28    XL:     16   Next: 65%
Magic:  15/15      EV: 12    Int:  5    God:    Trog [******]
Gold:   2364       SH: 33    Dex: 10    Spells: 0 memorised, 15 levels left

rFire  . . .     SeeInvis .     Y - +8 broad axe (vamp)
rCold  + . .     Gourm    .     L - +7 plate armour "Ykuikeg" {rC+}
rNeg   + . .     Faith    +     Z - +18 shield of the gong {rElec rN+ MR+ EV-5}
rPois  .         Spirit   .     D - +2 hat
rElec  +         Dismiss  .     p - +2 cloak
rCorr  .         Reflect  .     n - +2 pair of gloves
SustAt .         Harm     .     b - +2 pair of boots {Stlth+}
MR     +++..                    C - amulet of faith
Stlth  ..........               g - ring of protection from magic
                                f - +5 ring of evasion

@: lethally poisoned (-33 -> -58), extremely resistant to hostile enchantments,
extremely unstealthy
A: retaliatory headbutt, horns 2
a: Berserk, Trog's Hand, Brothers in Arms, Burn Spellbooks, Renounce Religion


You were on level 4 of the Shoals.
You worshipped Trog.
Trog was exalted by your worship.
You were not hungry.

You visited 5 branches of the dungeon, and saw 30 of its levels.
You also visited: Bailey.

You collected 2614 gold pieces.
You spent 250 gold pieces at shops.

Inventory:

Hand Weapons
 Y - a +8 vampiric broad axe (weapon)
Missiles
 k - 9 javelins of penetration (quivered)
 R - 10 javelins
Armour
 b - a +2 pair of boots of stealth (worn)
 n - a +2 pair of gloves (worn)
 p - a +2 cloak (worn)
 D - a +2 hat (worn)
 L - the +7 plate armour "Ykuikeg" (worn) {rC+}
   (You found it in a bailey)

   It protects you from cold.
 Z - the +18 shield of the gong (worn) {rElec rN+ MR+ EV-5}
   (You found it on level 12 of the Dungeon)

   It affects your evasion (-5).
   It insulates you from electricity.
   It protects you from negative energy.
   It affects your resistance to hostile enchantments.
Jewellery
 f - a +5 ring of evasion (left hand)
 g - a ring of protection from magic (right hand)
 C - an amulet of faith (around neck)
Scrolls
 e - 12 scrolls of teleportation
 h - 10 scrolls of identify
 o - 3 scrolls of magic mapping
 q - 4 scrolls of fear
 v - 2 scrolls of recharging
 y - 2 scrolls of summoning
 A - a scroll of enchant armour
 B - 13 scrolls of remove curse
 I - a scroll of brand weapon
 S - a scroll of silence
 X - a scroll of fog
Potions
 a - a potion of mutation {unknown}
 d - 4 potions of flight
 i - 7 potions of heal wounds
 l - 3 potions of invisibility
 m - 6 potions of brilliance
 r - 4 potions of might
 s - 3 potions of resistance
 t - 3 potions of ambrosia
 x - 14 potions of curing
 z - 5 potions of agility
 H - 3 potions of haste
 J - 2 potions of cure mutation {unknown}
 M - a potion of cancellation {unknown}
 O - 2 potions of magic {unknown}
Comestibles
 c - 19 bread rations
 j - 17 meat rations
 u - 7 royal jellies
 w - 5 slices of pizza
 Q - 8 beef jerkies


   Skills:
 - Level 16.6 Fighting
 - Level 16.6 Axes
 - Level 10.3 Throwing
 - Level 12.3 Armour
 - Level 11.5 Dodging
 * Level 16.9 Shields


You had 15 spell levels left.
You didn't know any spells.

Dungeon Overview and Level Annotations

Branches:
Dungeon (15/15)            Temple (1/1) D:7            Lair (8/8) D:11
 Shoals (4/4) Lair:6        Snake (0/4) Lair:4        Slime (0/6) Lair:6
    Orc (2/2) D:10            Elf (0/3) Orc:2        Vaults (0/5) D:14
 Depths (0/5) D:15

Altars:
Cheibriados
Dithmenos
Elyvilon
Gozag
Kikubaaqudgha
Nemelex Xobeh
Pakellas
Ru
Trog
Vehumet
Xom
Yredelemnul
Zin
The Shining One
Jiyva

Shops:
D:7 =?!*   Orc:2 %*:}   Shoals:2 }

Annotations:
Shoals:4 Ilsuiw


Innate Abilities, Weirdness & Mutations

You reflexively headbutt those who attack you in melee.
You have a pair of horns on your head.


Message History

You see here a javelin.
Read which item? (? for menu, Esc to quit)
Okay, then.
Drink which item? (? for menu, Esc to quit)
You feel much better.
* * * LOW HITPOINT WARNING * * *
You feel very sick.
The satyr plays a rousing melody on his pipes!
The siren is stirred to greatness!
Something hits the plant!!
You block the siren's attack.
SHROANNG!
You block the sea snake's attack.
BONNNG!
Something bites the plant.
Something completely misses the plant.
Something claws the plant.
The merfolk aquamancer casts a spell.
The merfolk aquamancer blinks!
The merfolk aquamancer points at you and mumbles some strange words.
The shard of ice hits you! You partially resist.
You die...

≈≈≈≈≈≈≈≈≈≈≈≈≈≈≈≈≈≈
≈≈≈≈≈≈≈≈≈≈≈≈≈≈≈≈≈≈≈
≈≈≈≈≈≈≈≈≈≈≈≈≈≈≈≈≈≈≈
≈≈≈≈≈≈≈≈≈≈≈≈≈≈≈≈≈≈≈
≈≈≈≈≈≈≈≈≈≈≈≈≈≈≈≈≈≈≈
≈≈≈≈≈≈≈m≈≈≈≈≈≈≈≈≈≈≈
≈≈≈≈≈≈≈≈≈≈≈≈≈≈≈≈≈≈≈
≈≈≈≈≈≈≈≈≈m≈≈≈≈≈≈≈≈≈
≈≈≈≈≈≈≈@)mE≈≈≈≈≈≈≈≈
...≈Em.mSm≈≈≈≈≈≈≈≈≈
#..≈Em##H)m(≈≈≈≈≈≈≈
##<≈≈≈ ##m.≈≈≈≈≈≈≈≈
P≈≈≈≈≈..).EE≈≈≈≈≈≈≈
≈≈≈≈PPP.m#P≈≈≈≈≈≈≈≈
≈≈≈≈..≈≈m.c≈≈≈≈≈≈≈≈
≈≈≈...≈≈≈.≈≈≈≈≈≈≈≈≈
≈.#.P≈≈≈≈≈≈≈≈≈≈≈≈


You could see 3 merfolk impalers, a merfolk javelineer, a satyr, a sea snake, 2
merfolk aquamancers, 2 merfolk, a manticore, 5 water elementals and a siren.

Vanquished Creatures
  Roxanne (Shoals:1)
  2 frost giants (D:12)
  Maud (Lair:3)
  2 merfolk javelineers
  2 vault guards (D:14)
  2 fire dragons
  6 merfolk impalers
  Fannar (Lair:3)
  Josephine (D:10)
  13 hydras
  A merfolk avatar (Shoals:1)
  Erica (D:11)
  5 centaur warriors
  A catoblepas (Lair:7)
  4 merfolk aquamancers
  A tengu warrior (D:12)
  6 death yaks (Lair:7)
  A satyr (Shoals:3)
  Urug (D:11)
  An orc high priest (Orc:2)
  A deep elf knight (D:12)
  A storm dragon zombie (D:15)
  3 skeletal warriors
  A storm dragon skeleton (D:15)
  14 sea snakes
  An unseen horror (D:12)
  A tengu zombie (D:15)
  4 necromancers
  9 hill giants
  A phantasmal warrior (D:15)
  2 wizards
  An orc knight (Bailey)
  5 ugly things
  2 deep elf magi
  5 orc sorcerers
  4 cyclopes
  7 griffons
  5 manticores
  An octopode (shapeshifter) (D:14)
  4 black mambas
  8 sirens
  6 centaur zombies
  The ghost of LyrsulFhnyrn the Ducker, a novice MiBe of Trog (D:6)
  5 elephants (Lair:7)
  3 gargoyles
  4 water nymphs
  Maurice (D:11)
  14 spiny frogs
  10 komodo dragons
  An efreet (D:14)
  5 yaktaurs
  5 trolls
  23 merfolk
  A queen bee (D:8)
  A polar bear (Lair:3)
  A two-headed ogre (D:13)
  2 wind drakes (Shoals:4)
  4 slime creatures (D:14)
  13 blink frogs
  4 snapping turtles (Shoals:1)
  The ghost of jerkstore the Insei, an amateur OpTm (D:4)
  A deep troll zombie (D:15)
  13 water elementals
  2 flying skulls (D:10)
  5 shadows
  2 wyverns
  2 centaur simulacra
  48 yaks
  Sigmund (D:4)
  Eustachio (D:4)
  17 humans (D:14)
  4 basilisks
  2 wraiths (D:12)
  9 hippogriffs
  Grum (D:9)
  2 hungry ghosts
  3 vampire mosquitoes (D:14)
  A mottled dragon (D:15)
  4 nagas (Lair:4)
  A warg (Orc:1)
  12 water moccasins
  9 porcupines
  Duvessa (D:7)
  6 sky beasts
  27 orc warriors
  5 ice beasts
  2 eyes of draining (D:13)
  3 necrophages
  3 phantoms
  2 wasps
  4 boggarts (D:15)
  11 wolves
  5 ogres
  20 centaurs
  16 crocodiles
  The ghost of jerkstore the Insei, an amateur OpTm (D:3)
  A big kobold (D:14)
  23 giant frogs
  A wyvern zombie (D:12)
  2 wyvern skeletons (D:10)
  5 scorpions
  Dowan (D:7)
  A water moccasin skeleton (D:8)
  32 killer bees
  12 wights
  3 electric eels
  8 crimson imps
  9 howler monkeys
  A lava snake (D:14)
  A quasit (D:6)
  A wyvern simulacrum (D:14)
  3 giant frog zombies
  31 orc priests
  4 hounds
  7 jellies
  5 centaur skeletons
  3 giant frog skeletons (D:10)
  Ijyb (D:4)
  19 iguanas
  8 worker ants
  35 orc wizards
  18 sheep
  2 hound skeletons (D:10)
  3 hound zombies (D:10)
  2 worker ant zombies (D:10)
  A howler monkey zombie (D:10)
  Robin (D:4)
  3 gnolls (D:8)
  A howler monkey skeleton (D:10)
  59 river rats
  18 adders
  9 shadow imps
  12 white imps (Lair:5)
  2 adder zombies
  An ooze (D:1)
  An adder skeleton (D:8)
  4 worms
  3 giant geckos
  77 orcs
  5 giant cockroaches
  18 goblins
  10 hobgoblins
  8 jackals
  5 quokkas
  A ball python (D:1)
  7 bats
  7 giant newts
  13 kobolds
  A quokka zombie (D:8)
  15 rats
  A bush (Lair:7)
  8 fungi
  5 plants
1022 creatures vanquished.

Vanquished Creatures (collateral kills)
  The ghost of chicagocrazy the Imperceptible, a journeyman SpEn of Cheibriados (Lair:8)
  A komodo dragon (Lair:8)
2 creatures vanquished.

Vanquished Creatures (others)
  A river rat (Lair:2)
  A quokka (D:15)
  24 fungi
  13 plants
39 creatures vanquished.

Grand Total: 1063 creatures vanquished

Notes
Turn   | Place    | Note
--------------------------------------------------------------
     0 | D:1      | shmeve the Minotaur Berserker began the quest for the Orb.
     0 | D:1      | Reached XP level 1. HP: 19/19 MP: 0/0
   205 | D:1      | Reached XP level 2. HP: 20/27 MP: 1/1
   329 | D:1      | Found a snail-covered altar of Cheibriados.
   644 | D:1      | Reached ** piety under Trog
  1069 | D:2      | Reached XP level 3. HP: 27/34 MP: 2/2
  1162 | D:2      | Reached skill level 1 in Throwing
  1404 | D:2      | Reached XP level 4. HP: 28/41 MP: 3/3
  1618 | D:2      | Found an oddly glowing altar of Pakellas.
  1793 | D:3      | Noticed jerkstore's ghost (amateur OpTm)
  1799 | D:3      | Killed jerkstore's ghost
  1799 | D:3      | Reached XP level 5. HP: 47/47 MP: 4/4
  1923 | D:3      | Reached skill level 5 in Fighting
  1923 | D:3      | Reached skill level 5 in Axes
  2105 | D:3      | Reached XP level 6. HP: 52/56 MP: 5/5
  2567 | D:4      | Noticed Ijyb
  2581 | D:4      | Killed Ijyb
  2835 | D:4      | Noticed jerkstore's ghost (amateur OpTm)
  2843 | D:4      | Killed jerkstore's ghost
  2843 | D:4      | Reached XP level 7. HP: 62/63 MP: 6/6
  2851 | D:4      | Noticed Sigmund
  2858 | D:4      | Killed Sigmund
  2858 | D:4      | Reached *** piety under Trog
  2986 | D:4      | Noticed Eustachio
  3025 | D:4      | Killed Eustachio
  3244 | D:4      | Noticed Robin
  3252 | D:4      | Killed Robin
  3491 | D:4      | Reached XP level 8. HP: 71/71 MP: 7/7
  3683 | D:5      | Entered Level 5 of the Dungeon
  3981 | D:5      | Reached skill level 5 in Armour
  3981 | D:5      | Reached skill level 5 in Dodging
  4135 | D:5      | You fall through a shaft!
  4229 | D:6      | Noticed LyrsulFhnyrn's ghost (novice MiBe)
  4244 | D:6      | Killed LyrsulFhnyrn's ghost
  4426 | D:5      | Reached XP level 9. HP: 81/81 MP: 8/8
  4542 | D:6      | Reached **** piety under Trog
  4926 | D:6      | Found a glowing golden altar of the Shining One.
  5157 | D:6      | Found a glowing silver altar of Zin.
  5208 | D:6      | Found a bloodstained altar of Trog.
  5211 | D:6      | Found an ancient bone altar of Kikubaaqudgha.
  5332 | D:7      | Found Qaerant's Magic Scroll Emporium.
  5350 | D:7      | Found Romaat's Assorted Antiques.
  5620 | D:7      | Noticed Dowan
  5632 | D:7      | Noticed Duvessa
  5633 | D:7      | Killed Dowan
  5649 | D:7      | Killed Duvessa
  5649 | D:7      | Reached skill level 5 in Throwing
  5653 | D:7      | Found Veerout's Distillery.
  5843 | D:7      | Bought 2 potions of heal wounds for 100 gold pieces
  5843 | D:7      | Bought a potion of heal wounds for 50 gold pieces
  5843 | D:7      | Bought a potion of heal wounds for 50 gold pieces
  5843 | D:7      | Bought a potion of heal wounds for 50 gold pieces
  5920 | D:7      | Found Taomam's Jewellery Boutique.
  6181 | D:7      | Found a staircase to the Ecumenical Temple.
  6226 | D:7      | Reached skill level 10 in Axes
  6471 | Temple   | Entered the Ecumenical Temple
  6513 | D:8      | Reached ***** piety under Trog
  6514 | D:8      | Received a gift from Trog
  6518 | D:8      | Reached XP level 10. HP: 92/92 MP: 9/9
  6640 | D:8      | Received a gift from Trog
  6699 | D:8      | Reached skill level 10 in Fighting
  6920 | D:8      | Found an opulent altar of Gozag.
  7609 | D:9      | Found a shadowy altar of Dithmenos.
  7748 | D:9      | Found a sparkling altar of Nemelex Xobeh.
  7758 | D:9      | Received a gift from Trog
  7787 | D:9      | Found a sacrificial altar of Ru.
  7937 | D:9      | Noticed Grum
  7948 | D:9      | Killed Grum
  8183 | D:10     | Entered Level 10 of the Dungeon
  8299 | D:10     | Found a staircase to the Orcish Mines.
  8364 | D:10     | Noticed a skeletal warrior
  8388 | D:10     | Reached XP level 11. HP: 71/102 MP: 10/10
  8394 | D:10     | Killed a skeletal warrior
  8568 | D:10     | Received a gift from Trog
  8578 | D:10     | Noticed Josephine
  8610 | D:10     | Killed Josephine
  8839 | D:10     | Got a slimy hand axe
  8840 | D:10     | Identified the +1 hand axe of Impatience {elec, Dex+3} (You found it on level 10 of the Dungeon)
  9083 | D:11     | Noticed a hill giant
  9091 | D:11     | Killed a hill giant
  9289 | D:11     | Noticed a hill giant
  9296 | D:11     | Killed a hill giant
  9317 | D:11     | Noticed Erica
  9327 | D:11     | Killed Erica
  9340 | D:11     | Received a gift from Trog
  9465 | D:11     | Noticed a purple ugly thing
  9478 | D:11     | Killed a purple ugly thing
  9495 | D:11     | Noticed Maurice
  9705 | D:11     | Killed Maurice
  9708 | D:11     | Found a staircase to the Lair.
  9949 | Lair:1   | Entered Level 1 of the Lair of Beasts
  9988 | Lair:1   | Reached XP level 12. HP: 110/113 MP: 11/11
 10286 | Lair:1   | Noticed an eight-headed hydra
 10292 | Lair:1   | Killed a ten-headed hydra
 10989 | Lair:2   | Received a gift from Trog
 12038 | Lair:3   | Received a gift from Trog
 12249 | Lair:3   | Noticed Maud
 12266 | Lair:3   | Killed Maud
 12647 | Lair:3   | Noticed Fannar
 12663 | Lair:3   | Killed Fannar
 13288 | Lair:3   | Reached skill level 10 in Armour
 13434 | Lair:4   | Noticed an eight-headed hydra
 13442 | Lair:4   | Received a gift from Trog
 13446 | Lair:4   | Killed a ten-headed hydra
 13507 | Lair:4   | Found a staircase to the Snake Pit.
 13648 | Lair:4   | Received a gift from Trog
 13950 | Lair:4   | Reached XP level 13. HP: 123/123 MP: 12/12
 14447 | Lair:5   | Found a frozen archway.
 14584 | Lair:5   | Reached ****** piety under Trog
 15206 | Lair:6   | Received a gift from Trog
 15233 | Lair:6   | Found a viscous altar of Jiyva.
 15233 | Lair:6   | Found a staircase to the Slime Pits.
 15928 | Lair:6   | Found a staircase to the Shoals.
 16275 | Lair:7   | Reached skill level 10 in Dodging
 16393 | Lair:7   | Reached skill level 15 in Axes
 16521 | Lair:7   | Reached skill level 15 in Fighting
 16526 | Lair:7   | Received a gift from Trog
 17063 | Lair:7   | Reached XP level 14. HP: 127/135 MP: 13/13
 17460 | Lair:8   | Entered Level 8 of the Lair of Beasts
 17552 | Lair:8   | Noticed chicagocrazy's ghost (journeyman SpEn)
 17560 | Lair:8   | Received a gift from Trog
 17604 | Lair:8   | Killed chicagocrazy's ghost
 18491 | D:11     | Noticed Urug
 18508 | D:11     | Killed Urug
 18634 | Orc:1    | Entered Level 1 of the Orcish Mines
 18647 | Orc:2    | Entered Level 2 of the Orcish Mines
 18656 | Orc:2    | Received a gift from Trog
 18771 | Orc:1    | Found a flagged portal.
 18791 | Bailey   | Entered a bailey
 19004 | Bailey   | Got a warped plate armour
 19015 | Bailey   | Identified the +7 plate armour "Ykuikeg" {rC+} (You found it in a bailey)
 19661 | Orc:2    | Found a staircase to the Elven Halls.
 19734 | Orc:2    | Received a gift from Trog
 19736 | Orc:2    | Reached skill level 10 in Throwing
 19807 | Orc:2    | Found Ajuobets's General Store.
 19807 | Orc:2    | Found Norar's Food Boutique.
 19811 | Orc:2    | Found Kineoska's Gadget Shop.
 19811 | Orc:2    | Found Zanitzom's Book Shop.
 19829 | Orc:2    | Received a gift from Trog
 20683 | D:12     | Received a gift from Trog
 20778 | D:12     | Upgraded the game from 0.18-b1-14-g029dad2 to 0.18-b1-17-g3aa4875
 20911 | D:12     | You fall through a shaft!
 20998 | D:13     | Received a gift from Trog
 21071 | D:13     | Received a gift from Trog
 21520 | D:12     | Received a gift from Trog
 21520 | D:12     | Reached XP level 15. HP: 145/145 MP: 14/14
 21534 | D:12     | Reached skill level 1 in Shields
 21563 | D:12     | Noticed a frost giant
 21563 | D:12     | Noticed a frost giant
 21572 | D:12     | Killed a frost giant
 21573 | D:12     | HP: 2/145 [frost giant/bolt of cold (15)]
 21574 | D:12     | Killed a frost giant
 21581 | D:12     | HP: 3/145 [poisoned by a wizard (sting)]
 22085 | D:12     | Reached skill level 5 in Shields
 23153 | D:14     | Received a gift from Trog
 23184 | D:14     | Received a gift from Trog
 23213 | D:14     | Received a gift from Trog
 23236 | D:14     | Found a gate to the Vaults.
 23392 | D:14     | Reached skill level 10 in Shields
 23632 | D:15     | Entered Level 15 of the Dungeon
 23633 | D:15     | Found a staircase to the Depths.
 24160 | D:15     | Received a gift from Trog
 24709 | D:15     | Received a gift from Trog
 24808 | D:15     | Found a white marble altar of Elyvilon.
 25306 | Shoals:1 | Entered Level 1 of the Shoals
 25306 | Shoals:1 | Noticed Roxanne
 25325 | Shoals:1 | Killed Roxanne
 25327 | Shoals:1 | Identified Roxanne's Tome of the Bear (You took it off Roxanne on level 1 of the Shoals)
 25438 | Shoals:1 | Reached XP level 16. HP: 127/152 MP: 5/15
 26363 | Shoals:2 | Received a gift from Trog
 26377 | Shoals:2 | Reached skill level 15 in Shields
 26774 | Shoals:2 | Found Wiomp's Gadget Emporium.
 27510 | Shoals:4 | Entered Level 4 of the Shoals
 27521 | Shoals:4 | Noticed Ilsuiw
 27532 | Shoals:4 | Received a gift from Trog
 27559 | Shoals:4 | HP: 5/152 [merfolk javelineer/javelin (7)]
 27560 | Shoals:4 | Killed from afar by a merfolk aquamancer

Skill      XL: |  1  2  3  4  5  6  7  8  9 10 11 12 13 14 15 16 |
---------------+-------------------------------------------------+-----
Fighting       | 4 5 6 8 9 11 12 13 15 16 | 16.6
Throwing       | 1 2 3 4 5 6 7 8 9 10 | 10.3
Axes           | 4 5 6 7 8 10 11 13 14 15 16 | 16.6
Armour         | 3 4 5 6 7 9 10 11 12 | 12.3
Dodging        | 3 4 5 6 7 8 9 10 11 | 11.5
Shields        | 13 16 | 16.9

Action                   |  1- 3 |  4- 6 |  7- 9 | 10-12 | 13-15 | 16-18 || total
-------------------------+-------+-------+-------+-------+-------+-------++-------
Melee: Hand axe          |    89 |    87 |   356 |   393 |       |       ||   925
       Headbutt          |    13 |    24 |    70 |   141 |   235 |    58 ||   541
       Battleaxe         |       |       |       |   278 |   341 |       ||   619
       Broad axe         |       |       |       |       |   305 |   277 ||   582
       Executioner's axe |       |       |       |       |   466 |       ||   466
Throw: Tomahawk          |       |       |       |    28 |       |       ||    28
       Javelin           |       |       |       |    18 |    12 |    12 ||    42
Invok: Trog's Hand       |     1 |       |     2 |     6 |     5 |     2 ||    16
       Berserk           |       |     2 |     6 |     4 |     5 |     1 ||    18
       Burn Spellbooks   |       |       |       |     3 |     3 |       ||     6
       Brothers in Arms  |       |       |       |       |     1 |       ||     1
  Use: Scroll            |     3 |       |    14 |     7 |     9 |     7 ||    40
       Potion            |       |       |       |       |     1 |     1 ||     2
  Eat: Chunk             |     1 |     7 |    17 |    27 |    35 |     6 ||    93
       Fruit             |       |       |       |     4 |    12 |     4 ||    20
       Beef jerky        |       |       |       |     1 |       |     1 ||     2
Armor: Animal skin       |    21 |     2 |       |       |       |       ||    23
       Chain mail        |       |    48 |    78 |       |       |       ||   126
       Plate armour      |       |       |    76 |   265 |   852 |   217 ||  1410
Dodge: Dodged            |    71 |    56 |   238 |   456 |  1124 |   132 ||  2077
Block: Other             |       |       |     7 |       |       |       ||     7
       Shield            |       |       |       |       |   137 |   589 ||   726
